 Dungeon Crawl Stone Soup version 0.22.1-2-g9c5b331383 (webtiles) character file.

4802 Knicklaso the Carver (level 10, -5/93 HPs)
             Began as a Human Wanderer on Dec 5, 2018.
             Was a High Priest of Zin.
             Killed from afar by an electric eel (11 damage)
             ... with a bolt of electricity
             ... on level 9 of the Dungeon.
             The game lasted 00:22:20 (9552 turns).

Knicklaso the Carver (Human Wanderer)               Turns: 9552, Time: 00:22:20

Health: -5/93      AC:  8    Str: 19    XL:     10   Next: 76%
Magic:  19/19      EV: 10    Int: 11    God:    Zin [*****.]
Gold:   342        SH:  0    Dex: 22    Spells: 9/9 levels left

rFire    + . .     SeeInvis .   a - +9 long sword of Osuo {venom, Str+4}
rCold    . . .     Gourm    .   (no shield)
rNeg     . . .     Faith    +   A - +1 ring mail "Plog" {-Tele *Drain rCorr Slay+4}
rPois    .         Spirit   .   (no helmet)
rElec    .         Reflect  .   o - +1 cloak
rCorr    +         Harm     .   (no gloves)
MR       .....     NoTele   +   (no boots)
Stlth    +.........             x - amulet "Vunoulono" {Faith Dex+7 Slay-6}
HPRegen  0.25/turn              q - ring of magical power
MPRegen  0.16/turn              y - ring of protection from fire

@: no status effects
A: talons 1, agile 1, sense surroundings 1, robust 1, weak 1, evolution 1
a: Recite, Vitalisation, Imprison, Sanctuary, Donate Gold, Renounce Religion


You were on level 9 of the Dungeon.
You worshipped Zin.
Zin was extremely pleased with you.
You were near starving.

You visited 1 branch of the dungeon, and saw 9 of its levels.

You collected 629 gold pieces.
You spent 225 gold pieces at shops.
You donated 62 gold pieces to Zin.

Inventory:

Hand Weapons
 a - the +9 long sword of Osuo (weapon) {venom, Str+4}
   (You found it on level 6 of the Dungeon)

   It poisons the flesh of those it strikes.
   It affects your strength (+4).
 b - the +1 hunting sling of the Crawling Thing {venom, Str+3}
   (You found it on level 6 of the Dungeon)

   It poisons the ammo it fires.
   It affects your strength (+3).
 v - the +9 quarterstaff of Wu Jian's Outrage {flame, rPois rF+ Dex+3}
   (You found it on level 6 of the Dungeon)

   It has been specially enchanted to burn those struck by it, causing extra
   injury to most foes and up to half again as much damage against particularly
   susceptible opponents.
   It affects your dexterity (+3).
   It protects you from fire.
   It protects you from poison.
 w - a +0 fustibalus
Missiles
 e - 365 stones (quivered)
 r - 15 sling bullets
Armour
 n - a +1 robe of resistance
 o - a +1 cloak (worn)
 z - a scarf of resistance
 A - the +1 ring mail "Plog" (worn) {-Tele *Drain rCorr Slay+4}
   (You bought it in a shop on level 8 of the Dungeon)

   It affects your accuracy and damage with ranged weapons and melee attacks
   (+4).
   It prevents most forms of teleportation.
   It provides partial protection from all sources of acid and corrosion.
   It causes draining when unequipped.
Jewellery
 i - an uncursed amulet of the acrobat
 q - a ring of magical power (left hand)
 x - the amulet "Vunoulono" (around neck) {Faith Dex+7 Slay-6}
   (You found it on level 7 of the Dungeon)

   [amulet of faith]

   It allows you to gain divine favour quickly.
   It affects your dexterity (+7).
   It affects your accuracy and damage with ranged weapons and melee attacks
   (-6).
 y - a ring of protection from fire (right hand)
Wands
 k - a wand of flame (48)
Scrolls
 c - 11 scrolls of teleportation
 f - 3 scrolls of random uselessness
 g - 2 scrolls of fog {unknown}
 h - 4 scrolls of remove curse
 j - 8 scrolls of identify {unknown}
 s - 2 scrolls of amnesia {unknown}
Potions
 l - 2 potions of mutation
 m - 2 potions of haste {unknown}
 p - a potion of curing {unknown}
 t - 3 potions of flight
 u - a potion of resistance {unknown}
Comestibles
 d - 6 rations


   Skills:
 + Level 10.0 Fighting
 * Level 10.5 Long Blades
   Level 6.0 Axes
 - Level 2.0 Armour
 - Level 1.0 Stealth
 - Level 1.0 Evocations


You had 9 spell levels left.
You didn't know any spells.
Your spell library contained the following spells:

 Spells                   Type           Power        Failure   Level  Hunger
 Magic Dart               Conj           #...         52%         1    ##.....
 Sting                    Conj/Pois      #...         52%         1    ##.....
 Blink                    Tloc           N/A          67%         2    ###....
 Call Imp                 Summ           #.......     67%         2    ###....
 Poisonous Vapours        Pois/Air       #.....       67%         2    ###....
 Slow                     Hex            #.......     67%         2    ###....
 Conjure Flame            Conj/Fire      #.......     88%         3    ####...
 Mephitic Cloud           Conj/Pois/Air  #.......     88%         3    ####...
 Olgreb's Toxic Radiance  Pois           #.......     99%         4    #####..
 Venom Bolt               Conj/Pois      #.........   100%        5    ######.


Dungeon Overview and Level Annotations

Branches:
Dungeon (9/15)             Temple (0/1) D:7
   Lair: D:8-11         Orc: D:9-12

Altars:
Hepliaklqana
Sif Muna
Yredelemnul
Zin

Shops:
D:8 *:*[


Innate Abilities, Weirdness & Mutations

You have sharp toenails.
You are agile. (Dex +2)
You passively map a small area around you.
You are robust. (+10% HP)
You are weak. (Str -2)
You evolve.


Message History

The bolt of electricity hits you!
The electric eel shoots out a bolt of lightning at you!
The bolt of electricity hits you!
The electric eel shoots out a bolt of lightning at you!
The bolt of electricity hits you!
* * * LOW HITPOINT WARNING * * *
The electric eel shoots out a bolt of lightning at you!
The bolt of electricity misses you. The water moccasin misses you.
The electric eel shoots out a bolt of lightning at you!
The bolt of electricity hits the plant.
The bolt of electricity misses you.
The electric eel shoots out a bolt of lightning at you!
The bolt of electricity hits you!
* * * LOW HITPOINT WARNING * * *
The water moccasin closely misses you.
You are near starving!
The water moccasin bites you!
* * * LOW HITPOINT WARNING * * *
The electric eel shoots out a bolt of lightning at you!
The bolt of electricity hits you!
You die...

####'####.♣♣PP≈..≈≈≈♣♣≈....#
#.......#..♣♣≈≈.≈.;;.......#
#.......#..#♣♣P..♣≈........#
#.......#..#.♣≈............#
###'#####..#.♣≈............#
..)))......#............)..##
...........##'#.S...........#
............................#
.########.......@######.....#
.#......#........# #.....#
.#......#........# ##....#
.#......#........# #....#
.#......#........#######...##
.#......#..................#
.#......#..................#
.#..).)##..................#
.#..)..#.............#######


You could see a water moccasin and 2 electric eels.

Vanquished Creatures
  A two-headed ogre (D:8)
  A hornet (D:8)
  A wyvern (D:9)
  A wraith (D:9)
  A hungry ghost (D:9)
  A water moccasin (D:7)
  9 ogres
  A centaur (D:6)
  4 bullfrogs
  3 big kobolds (D:7)
  A scorpion (D:9)
  8 wights
  A howler monkey (D:6)
  4 crimson imps
  A jelly (D:7)
  11 orc priests
  10 hounds
  A bullfrog skeleton (D:6)
  8 orc wizards
  A centaur skeleton (D:8)
  An iguana (D:9)
  10 worker ants
  A hound zombie (D:5)
  A worker ant zombie (D:9)
  15 gnolls
  10 adders
  A howler monkey skeleton (D:4)
  A shadow imp (D:8)
  An ooze (D:7)
  An adder zombie (D:6)
  An adder skeleton (D:4)
  A worm (D:3)
  A dart slug (D:2)
  5 leopard geckos
  36 orcs
  2 giant cockroaches
  11 goblins
  9 hobgoblins
  3 jackals (D:8)
  10 kobolds
  7 quokkas
  4 bats
  9 frilled lizards
  A quokka zombie (D:7)
  6 rats
217 creatures vanquished.

Notes
Turn   | Place    | Note
-------+----------+-------------------------------------------
     0 | D:1      | Knicklaso the Human Wanderer began the quest for the Orb.
     0 | D:1      | Knicklaso set off with: a +2 hand axe, a +0 ring mail, a
                  | scroll of teleportation, a ration
     0 | D:1      | Reached XP level 1. HP: 16/16 MP: 1/1
   236 | D:1      | Reached XP level 2. HP: 19/22 MP: 2/2
   654 | D:2      | Reached XP level 3. HP: 24/28 MP: 3/3
   674 | D:2      | Gained mutation: You are weak. (Str -2) [potion of
                  | mutation]
   674 | D:2      | Gained mutation: You have sharp toenails. [potion of
                  | mutation]
   674 | D:2      | Gained mutation: You are agile. (Dex +2) [potion of
                  | mutation]
   674 | D:2      | Gained mutation: You evolve. [potion of mutation]
   685 | D:2      | Reached skill level 5 in Axes
   685 | D:2      | Reached XP level 4. HP: 9/34 MP: 4/4
  1698 | D:2      | Reached XP level 5. HP: 4/41 MP: 5/5
  1981 | D:2      | Found a glowing silver altar of Zin.
  2167 | D:2      | Became a worshipper of Zin the Law-Giver
  2276 | D:2      | Found a deep blue altar of Sif Muna.
  2565 | D:3      | Reached * piety under Zin
  3027 | D:3      | Reached XP level 6. HP: 47/47 MP: 6/6
  3183 | D:3      | Gained mutation: You are robust. (+10% HP) [evolution]
  3373 | D:4      | Noticed an ogre
  3378 | D:4      | Zin protects you from harm!
  3380 | D:4      | Killed an ogre
  3702 | D:4      | Reached skill level 5 in Fighting
  4649 | D:4      | Reached XP level 7. HP: 61/61 MP: 7/7
  4849 | D:5      | Entered Level 5 of the Dungeon
  4894 | D:5      | Reached ** piety under Zin
  5112 | D:5      | Gained mutation: You passively map a small area around you.
                  | [evolution]
  5450 | D:6      | Got a slimy long sword
  5451 | D:6      | Identified the +9 long sword of Osuo {venom, Str+4} (You
                  | found it on level 6 of the Dungeon)
  5489 | D:6      | Reached skill level 1 in Long Blades
  5502 | D:6      | Got an ichor-stained hunting sling
  5503 | D:6      | Identified the cursed +1 hunting sling of the Crawling
                  | Thing {venom, Str+3} (You found it on level 6 of the
                  | Dungeon)
  5623 | D:6      | Reached XP level 8. HP: 71/71 MP: 8/8
  5642 | D:6      | Found a hazy altar of Hepliaklqana.
  5676 | D:6      | Reached *** piety under Zin
  5863 | D:6      | Got a slimy quarterstaff
  5864 | D:6      | Identified the +9 quarterstaff of Wu Jian's Outrage {flame,
                  | rPois rF+ Dex+3} (You found it on level 6 of the Dungeon)
  5939 | D:6      | Found a basalt altar of Yredelemnul.
  6098 | D:7      | Reached skill level 5 in Long Blades
  6286 | D:7      | Found a staircase to the Ecumenical Temple.
  6294 | D:7      | Reached XP level 9. HP: 76/80 MP: 9/9
  6859 | D:7      | Reached **** piety under Zin
  7006 | D:7      | Got a flickering steel amulet
  7016 | D:7      | Identified the amulet "Vunoulono" {Faith Dex+7 Slay-6} (You
                  | found it on level 7 of the Dungeon)
  7048 | D:7      | Paralysed by a kobold for 4 turns
  7070 | D:7      | Reached ***** piety under Zin
  7746 | D:8      | Reached XP level 10. HP: 25/91 MP: 10/10
  7770 | D:8      | Found Ykanu's Assorted Antiques.
  8524 | D:8      | Found Vooll's Book Boutique.
  8560 | D:8      | Bought a scorched ring mail for 225 gold pieces
  8570 | D:8      | Identified the +1 ring mail "Plog" {-Tele *Drain rCorr
                  | Slay+4} (You bought it in a shop on level 8 of the Dungeon)
  8694 | D:8      | Found Jud Omam's General Store.
  8873 | D:8      | Noticed a two-headed ogre
  8889 | D:8      | Killed a two-headed ogre
  8926 | D:8      | Reached skill level 10 in Long Blades
  9163 | D:8      | Found Coodut's Armour Shop.
  9477 | D:9      | Reached skill level 10 in Fighting
  9552 | D:9      | Killed from afar by an electric eel

Skill      XL: |  1  2  3  4  5  6  7  8  9 10 |
---------------+-------------------------------+-----
Axes           | 5 6 |  6.0
Fighting       | 3 5 6 7 9 10 | 10.0
Long Blades    | 2 5 8 10 | 10.5
Armour         | |  2.0
Stealth        | |  1.0
Evocations     | |  1.0

Action                   |  1- 3 |  4- 6 |  7- 9 | 10-12 || total
-------------------------+-------+-------+-------+-------++-------
Melee: Hand axe          |    54 |    75 |       |       ||   129
       Kick              |     1 |    45 |    82 |    43 ||   171
       War axe           |       |    52 |       |       ||    52
       Quarterstaff      |       |    44 |    62 |       ||   106
       Long sword        |       |       |   157 |   117 ||   274
 Fire: Hunting sling     |       |       |    33 |     2 ||    35
Evoke: Wand              |       |     4 |       |       ||     4
  Use: Potion            |     1 |     3 |       |       ||     4
       Scroll            |       |       |     2 |       ||     2
 Stab: Sleeping          |       |     2 |     4 |       ||     6
  Eat: Chunk             |       |     4 |     7 |     4 ||    15
       Ration            |       |     2 |     1 |     1 ||     4
Armor: Ring mail         |    15 |    14 |       |    26 ||    55
       Robe              |       |    21 |    40 |     6 ||    67
Dodge: Dodged            |    27 |    89 |   146 |    65 ||   327
       Rpst.: Long sword |       |       |    25 |    17 ||    42
